 Dungeon Crawl Stone Soup version 0.30-a0-918-g0ff054e9dc (webtiles) character file.

Game seed: 103409301990940632

51419 Pimp the Fighter (level 14, -3/88 HPs)
             Began as a Gargoyle Fighter on Mar 19, 2023.
             Was the Champion of Okawaru.
             Slain by a six-headed hydra (4 damage)
             ... on level 4 of the Lair of Beasts on Mar 20, 2023.
             The game lasted 01:21:50 (22571 turns).

Pimp the Fighter (Gargoyle Fighter)                Turns: 22571, Time: 01:21:51

Health: -3/88      AC: 41    Str: 23    XL:     14   Next: 59%
Magic:  26/26      EV:  8    Int: 11    God:    Okawaru [******]
Gold:   1024       SH:  5    Dex:  9    Spells: 20/29 levels left

rFire   x . .      SeeInvis .    J - +9 hand crossbow of the Wizarding Gods {heavy, Fly rElec rPois rF-}
rCold   . . .      Faith    .    (no shield)
rNeg    + . .      Spirit   .    O - +5 plate armour "Cimnagul" {Slay+3 Stlth+}
rPois   ∞          Reflect  +    W - +2 hat {Will+}
rElec   +          Rampage  .    N - +1 cloak
rCorr   .                        I - +2 pair of gloves
Will    +++..                    k - +2 pair of boots Stlth
                                 K - amulet of reflection
HPRegen 0.34/turn                A - ring of wizardry
MPRegen 0.20/turn                y - ring of willpower

@: about to teleport, flying
A: sickness immunity, AC +10, big wings, negative energy resistance 1,
electricity resistance, torment resistance 1, petrification resistance
a: Renounce Religion, Heroism, Finesse, Duel


You were on level 4 of the Lair of Beasts.
You worshipped Okawaru.
Okawaru was exalted by your worship.
You visited 3 branches of the dungeon, and saw 19 of its levels.
You also visited: Sewer, Ossuary and Gauntlet.

You collected 1270 gold pieces.
You spent 246 gold pieces at shops.

Inventory:

Hand Weapons
 d - the +8 broad axe of Wyrd {heavy, rN+}
   (Okawaru gifted it to you on level 14 of the Dungeon)

   rN:        It protects you from negative energy.
 s - the +7 staff of the Meek {protect, meekguard}
   (You found it on level 4 of the Dungeon)
 u - the +7 spear of the Eel {heavy, Int+3}
   (Okawaru gifted it to you on level 9 of the Dungeon)

   Int:       It affects your intelligence (+3).
 C - a +1 morningstar of pain
 J - the +9 hand crossbow of the Wizarding Gods (weapon) {heavy, Fly rElec rPois rF-}
   (You bought it in a shop on level 8 of the Dungeon)

   rF:        It makes you vulnerable to fire.
   rElec:     It insulates you from electricity.
   rPois:     It protects you from poison.
   Fly:       It grants you flight.
 T - a +4 dire flail of holy wrath
Missiles
 U - 2 throwing nets
Armour
 c - a +0 buckler
 k - a +2 pair of boots (worn)
 D - +0 steam dragon scales
 I - a +2 pair of gloves (worn)
 N - a +1 cloak (worn)
 O - the +5 plate armour "Cimnagul" (worn) {Slay+3 Stlth+}
   (Okawaru gifted it to you on level 10 of the Dungeon)

   Slay:      It affects your accuracy & damage with ranged weapons and melee
   (+3).
   Stlth:     It makes you more stealthy.
 Q - a +0 troll leather armour
 W - a +2 hat of willpower (worn)
Jewellery
 n - a ring of positive energy
 o - a ring of ice
 w - a ring of see invisible
 y - a ring of willpower (right hand)
 A - a ring of wizardry (left hand)
 K - an amulet of reflection (around neck)
Wands
 a - a wand of mindburst (5)
 h - a wand of roots (38)
 F - a wand of flame (28)
 G - a wand of paralysis (10)
 H - a wand of digging (6)
 L - a wand of quicksilver (17)
 P - a wand of polymorph (6)
Scrolls
 e - 8 scrolls of teleportation
 f - a scroll of amnesia
 g - 4 scrolls of fog
 i - 16 scrolls of identify
 j - 3 scrolls of immolation
 V - a scroll of magic mapping
Potions
 m - a potion of ambrosia
 p - 2 potions of lignification
 q - 2 potions of curing
 r - 2 potions of cancellation
 v - 4 potions of brilliance
 x - 5 potions of mutation
 z - 5 potions of flight {unknown}
 B - 4 potions of haste {unknown}
 M - 3 potions of resistance
 S - 5 potions of might
 X - a potion of heal wounds
Miscellaneous
 b - a piece from Xom's chessboard (15/15)
 R - a lightning rod (4/4)


   Skills:
 * Level 10.8 Fighting
 * Level 4.2(6.9) Axes
 - Level 9.2(9.7) Maces & Flails
 + Level 10.2 Armour
 + Level 4.3 Dodging
 + Level 10.2 Shields
 + Level 8.4 Spellcasting
 - Level 9.1 Fire Magic
 - Level 9.2 Poison Magic
 + Level 5.7 Invocations


You had 20 spell levels left.
You knew the following spells:

 Your Spells              Type           Power      Damage    Failure   Level
a - Olgreb's Toxic Radia  Pois           24%        N/A       16%         4
b - Ignite Poison         Fire/Tmut/Pois 18%        N/A       17%         3
c - Poisonous Vapours     Pois/Air       28%        N/A       16%         2

Your spell library contained the following spells:

 Spells                   Type           Power      Damage    Failure   Level
 Sting                    Tmut/Pois      56%        1d5       12%         1
 Inner Flame              Hex/Fire       14%        N/A       32%         3
 Kindle Blastsparks       Fire/Tloc/Air  22%        2d11      52%         3
 Static Discharge         Conj/Air       8%         2-3/arc   69%         2
 Gell's Gravitas          Tloc           4%         N/A       89%         3
 Hailstorm                Conj/Ice       4%         3d4       89%         3
 Portal Projectile        Hex/Tloc       8%         N/A       89%         3
 Stone Arrow              Conj/Erth      8%         3d7       89%         3
 Teleport Other           Tloc           4%         N/A       89%         3
 Vhi's Electric Charge    Tloc/Air       8%         N/A       89%         3
 Plasma Beam              Fire/Air       7%         2x1d19    95%         5
 Cause Fear               Hex            2%         N/A       99%         4
 Ice Form                 Ice/Tmut       4%         N/A       99%         4
 Arcjolt                  Conj/Air       2%         1d12      100%        5
 Blade Hands              Tmut           2%         N/A       100%        5
 Freezing Cloud           Conj/Ice/Air   2%         6-21      100%        5
 Dispersal                Tloc           2%         N/A       100%        6
 Dragon Form              Tmut           2%         N/A       100%        7
 Discord                  Hex            2%         N/A       100%        8
 Lehudib's Crystal Spear  Conj/Erth      2%         10d2      100%        8
 Tukima's Dance           Hex            Unusable   N/A       N/A         3
 Animate Armour           Summ/Erth      Unusable   N/A       N/A         4
 Simulacrum               Ice/Necr       Unusable   N/A       N/A         6
 Dragon's Call            Summ           Unusable   N/A       N/A         9

Dungeon Overview and Level Annotations

Branches:
Dungeon (14/15)            Temple (1/1) D:4            Lair (4/5) D:10
  Swamp (0/4) Lair:2       Spider (0/4) Lair:2          Orc (0/2) D:12
 Vaults (0/5) D:14          Sewer (visited)         Ossuary (visited)
Gauntlet (visited)
  Slime: Lair:4-5

Altars:
Ashenzari
Cheibriados
Dithmenos
Gozag
Hepliaklqana
Kikubaaqudgha
Nemelex Xobeh
Okawaru
Ru
Sif Muna
Trog
Uskayaw
Vehumet
Wu Jian
Zin

Shops:
D:6 *   D:7 [   D:8 (


Innate Abilities, Weirdness & Mutations

You are immune to sickness and miasma.
Your stone body is resilient. (AC +10)
You are immune to poison.
Your large and strong wings let you fly.
You resist negative energy. (rN+)
You are resistant to electric shocks. (rElec)
You are resistant to unholy torment.
You are immune to petrification.


Message History

Aim: a six-headed hydra (moderately wounded, 85% to hit)
You shoot a bolt.
The bolt barely misses the six-headed hydra.
The six-headed hydra barely misses you.
The six-headed hydra closely misses you. x2
You block the six-headed hydra's attack.
The six-headed hydra barely misses you.
The six-headed hydra closely misses you.
The six-headed hydra bites you but does no damage.
The six-headed hydra bites you.
The six-headed hydra bites you but does no damage.
The six-headed hydra closely misses you.
The six-headed hydra bites you but does no damage.
The six-headed hydra bites you.
The six-headed hydra bites you but does no damage.
The six-headed hydra bites you.
The six-headed hydra bites you but does no damage. x2
The six-headed hydra bites you!
The six-headed hydra closely misses you.
You shoot a bolt. The bolt hits the six-headed hydra!!
The six-headed hydra is heavily wounded.
The six-headed hydra bites you!
* * * LOW HITPOINT WARNING * * *
The six-headed hydra barely misses you.
The six-headed hydra closely misses you.
The six-headed hydra bites you but does no damage. x2
The six-headed hydra barely misses you. The six-headed hydra bites you!
* * * LOW HITPOINT WARNING * * *
The six-headed hydra barely misses you.
The six-headed hydra bites you but does no damage. x9
The six-headed hydra barely misses you.
Okay, then.
As you read the scroll of teleportation, it crumbles to dust.
You feel strangely unstable.
The six-headed hydra bites you but does no damage. x2
The six-headed hydra bites you!
* * * LOW HITPOINT WARNING * * *
The six-headed hydra bites you but does no damage.
The six-headed hydra bites you.
You die...

...#####...#
#..÷÷.## .. .
##..####....#
#..
#....##.⌠..##)..
#....#...#....#
#.............#
##..........###
###.......##
###....#.#
#...@D..##
#..#'..##
#.......#
.......#.#
#..........
.....##^...#
....# ###... ..#
#... .# ##..


You could see a six-headed hydra.

Vanquished Creatures
  Gastronok (Lair:2)
  Snorg (D:14)
  A rakshasa (D:12)
  Fannar (Lair:1)
  Harold (Lair:2)
  Erolcha (D:9)
  A hydra (Lair:3)
  2 catoblepae
  6 two-headed ogres
  4 centaur warriors
  4 boulder beetles
  A tengu warrior (D:14)
  Sonja (Lair:1)
  Amaemon (Lair:2)
  A skyshark (Lair:3)
  4 skeletal warriors (D:13)
  A necromancer (D:14)
  A deep elf pyromancer (D:13)
  Pikel (D:9)
  A wizard (D:12)
  3 cyclopes
  9 ugly things
  2 manticores
  7 elephants
  Maurice (D:11)
  3 black mambas
  A torpor snail (Lair:3)
  3 cane toads
  Maggie (D:6)
  An orange demon (Lair:2)
  An unseen horror (D:11)
  4 komodo dragons
  7 trolls
  6 polar bears
  4 blink frogs (Lair:3)
  10 slime creatures
  A vampire (D:14)
  A water elemental (D:14)
  A wraith (D:11)
  Sigmund (D:5)
  22 yaks
  5 wyverns
  A basilisk (D:12)
  3 vampire mosquitoes (D:14)
  A steam dragon (D:9)
  A redback (Lair:2)
  3 acid dragons
  7 water moccasins
  A swamp drake (D:12)
  4 orc warriors
  8 black bears
  5 ice beasts
  4 ogres
  2 sky beasts
  A boggart (D:14)
  3 centaurs
  10 wolves
  2 phantoms
  2 elf zombies (Ossuary)
  A kobold brigand (D:10)
  7 bullfrogs
  5 gnoll sergeants
  3 scorpions
  A wight (D:8)
  9 killer bees
  8 howler monkeys
  11 electric eels
  3 centaur zombies (Ossuary)
  A human zombie (Ossuary)
  8 orc priests
  6 gnoll boudas
  5 jellies
  8 hounds
  Crazy Yiuf (D:4)
  18 orc wizards
  4 iguanas
  2 hound zombies (Ossuary)
  3 mummies (Ossuary)
  Robin (D:2)
  39 gnolls
  8 adders
  A river rat (D:5)
  4 white imps
  An ufetubus (D:7)
  2 adder zombies (Ossuary)
  A worm (D:4)
  2 dart slugs (D:3)
  50 orcs
  4 ball pythons
  6 endoplasms
  6 giant cockroaches
  A gnoll zombie (Ossuary)
  11 goblins
  9 hobgoblins
  11 jackals
  5 quokkas
  A bat (D:1)
  A frilled lizard (D:1)
  A goblin zombie (Ossuary)
  4 hobgoblin zombies (Ossuary)
  6 jackal zombies (Ossuary)
  12 kobolds
  3 kobold zombies (Ossuary)
  2 orc zombies (Ossuary)
  A quokka zombie (Ossuary)
  5 rats
  7 rat zombies (Ossuary)
496 creatures vanquished.

Vanquished Creatures (others)
  7 fungi
  29 plants
  4 withered plants (Gauntlet)
40 creatures vanquished.

Grand Total: 536 creatures vanquished

Notes
Turn   | Place    | Note
-------+----------+-------------------------------------------
     0 | D:1      | Pimp the Gargoyle Fighter began the quest for the Orb.
     0 | D:1      | Reached XP level 1. HP: 14/14 MP: 1/1
   191 | D:1      | Reached XP level 2. HP: 13/19 MP: 2/2
   625 | D:2      | Reached XP level 3. HP: 10/24 MP: 2/4
   734 | D:2      | Reached skill level 1 in Spellcasting
   734 | D:2      | Reached XP level 4. HP: 20/29 MP: 5/5
  1094 | D:2      | Noticed Robin
  1281 | D:2      | Killed Robin
  1572 | D:3      | Noticed an ice beast
  1592 | D:3      | Killed an ice beast
  1593 | D:3      | Reached XP level 5. HP: 30/33 MP: 5/7
  1765 | D:3      | Found a sacrificial altar of Ru.
  1874 | D:3      | Reached XP level 6. HP: 30/39 MP: 8/8
  2009 | D:3      | Found a snail-covered altar of Cheibriados.
  2589 | D:4      | Reached XP level 7. HP: 38/44 MP: 10/10
  2736 | D:4      | Found a staircase to the Ecumenical Temple.
  2768 | Temple   | Entered the Ecumenical Temple
  2849 | Temple   | Became a worshipper of Warmaster Okawaru
  3139 | D:4      | Found a runed translucent door.
  3140 | D:4      | Noticed Crazy Yiuf
  3202 | D:4      | Reached skill level 5 in Fighting
  3202 | D:4      | Reached skill level 5 in Armour
  3202 | D:4      | Reached skill level 5 in Shields
  3260 | D:4      | Killed Crazy Yiuf
  3666 | D:4      | Found the +7 staff of the Meek {protect, meekguard}
  3977 | D:5      | Entered Level 5 of the Dungeon
  3987 | D:5      | Learned a level 4 spell: Olgreb's Toxic Radiance
  4069 | D:5      | Noticed Sigmund
  4078 | D:5      | Killed Sigmund
  4079 | D:5      | Reached skill level 1 in Poison Magic
  4079 | D:5      | Reached XP level 8. HP: 40/49 MP: 12/12
  4141 | D:5      | Found a glowing drain.
  4146 | Sewer    | Entered a sewer
  4304 | Sewer    | Learned a level 3 spell: Ignite Poison
  4386 | D:5      | Reached * piety under Okawaru
  4387 | D:5      | Reached skill level 1 in Fire Magic
  4932 | D:6      | Noticed Maggie
  4932 | D:6      | Found a shadowy altar of Dithmenos.
  4965 | D:6      | Killed Maggie
  4965 | D:6      | Reached ** piety under Okawaru
  5010 | D:6      | Reached XP level 9. HP: 29/55 MP: 14/14
  5159 | D:6      | Reached skill level 5 in Maces & Flails
  5335 | D:6      | Found Ruwnoigu's General Store.
  5403 | D:6      | Found a sand-covered staircase.
  5412 | Ossuary  | Entered an ossuary
  5914 | D:6      | Reached *** piety under Okawaru
  6032 | D:6      | Found a broken altar of Ashenzari.
  6142 | D:6      | Upgraded the game from 0.30-a0-913-g9934a0ce24 to
                  | 0.30-a0-918-g0ff054e9dc
  6204 | D:7      | Found Vishryel's Antique Armour Boutique.
  6469 | D:7      | Reached skill level 5 in Poison Magic
  6592 | D:7      | Found an opulent altar of Gozag.
  6626 | D:7      | Reached XP level 10. HP: 56/61 MP: 16/16
  7371 | D:7      | Reached skill level 5 in Fire Magic
  7894 | D:8      | Noticed a two-headed ogre
  7911 | D:8      | Killed a two-headed ogre
  7911 | D:8      | Reached **** piety under Okawaru
  8010 | D:8      | Found Kexzyarina's Antique Weapon Boutique.
  8303 | D:8      | Reached skill level 5 in Spellcasting
  8685 | D:8      | Found an ancient bone altar of Kikubaaqudgha.
  8853 | D:8      | Found a hide-covered altar of Uskayaw.
  9053 | D:8      | Found a hazy altar of Hepliaklqana.
  9154 | D:8      | Bought an iridescent hand crossbow for 246 gold pieces
  9154 | D:8      | Identified the +9 hand crossbow of the Wizarding Gods
                  | {heavy, Fly rElec rPois rF-} (You bought it in a shop on
                  | level 8 of the Dungeon)
  9242 | D:9      | Found a radiant altar of Vehumet.
  9370 | D:9      | Noticed Erolcha
  9391 | D:9      | Killed Erolcha
  9391 | D:9      | Reached ***** piety under Okawaru
  9392 | D:9      | Reached XP level 11. HP: 63/67 MP: 17/19
  9526 | D:9      | Noticed a two-headed ogre
  9541 | D:9      | Killed a two-headed ogre
  9876 | D:9      | Noticed Pikel
  9887 | D:9      | Killed Pikel
  9887 | D:9      | Identified the +7 spear of the Eel {heavy, Int+3} (Okawaru
                  | gifted it to you on level 9 of the Dungeon)
  9887 | D:9      | Received a gift from Okawaru
 10265 | D:10     | Entered Level 10 of the Dungeon
 11232 | D:10     | Found a staircase to the Lair.
 11296 | D:10     | Noticed a two-headed ogre
 11302 | D:10     | Killed a two-headed ogre
 11706 | D:11     | Found a gate leading to a gauntlet.
 11744 | D:11     | Noticed Maurice
 11784 | D:11     | Killed Maurice
 11909 | Gauntlet | Entered a Gauntlet
 11909 | Gauntlet | Noticed a large abomination
 11909 | Gauntlet | Found a transporter.
 11909 | Gauntlet | Found a transporter.
 11918 | Gauntlet | Noticed a catoblepas
 12076 | Gauntlet | Found a transporter.
 12079 | Gauntlet | Found a transporter.
 12080 | Gauntlet | Found a transporter.
 12080 | Gauntlet | Found a transporter.
 12083 | Gauntlet | Noticed a necromancer
 12108 | Gauntlet | Noticed a soul eater
 12117 | Gauntlet | Found a transporter.
 12118 | Gauntlet | Found a transporter.
 12121 | Gauntlet | Noticed a ghost crab
 12129 | Gauntlet | Found a transporter.
 12144 | Gauntlet | Noticed a wretched star
 12146 | Gauntlet | Found a transporter.
 12164 | Gauntlet | Found a transporter.
 12165 | Gauntlet | Found a transporter.
 12303 | D:10     | Identified the +5 plate armour "Cimnagul" {Slay+3 Stlth+}
                  | (Okawaru gifted it to you on level 10 of the Dungeon)
 12303 | D:10     | Received a gift from Okawaru
 12386 | D:11     | Reached XP level 12. HP: 43/74 MP: 21/21
 12708 | D:11     | Noticed a catoblepas
 12734 | D:11     | Killed a catoblepas
 13484 | D:12     | Noticed a rakshasa
 13676 | D:12     | Killed a rakshasa
 13792 | D:12     | Reached skill level 1 in Invocations
 13968 | D:12     | Reached skill level 1 in Dodging
 14444 | D:12     | Found a staircase to the Orcish Mines.
 14967 | D:12     | Noticed a boulder beetle
 14974 | D:12     | Killed a boulder beetle
 15218 | D:13     | Noticed a two-headed ogre
 15229 | D:13     | Killed a two-headed ogre
 15305 | D:13     | Noticed a catoblepas
 15435 | D:13     | Killed a catoblepas
 15527 | D:13     | Reached ****** piety under Okawaru
 15642 | D:13     | Noticed a centaur warrior
 15644 | D:13     | Killed a centaur warrior
 15644 | D:13     | Received a gift from Okawaru
 16617 | D:13     | Reached XP level 13. HP: 39/80 MP: 22/24
 17135 | D:14     | Found a gate to the Vaults.
 17850 | D:14     | Noticed Snorg
 17864 | D:14     | Killed Snorg
 18125 | D:14     | Identified the +8 broad axe of Wyrd {heavy, rN+} (Okawaru
                  | gifted it to you on level 14 of the Dungeon)
 18125 | D:14     | Received a gift from Okawaru
 18340 | D:14     | Reached skill level 1 in Axes
 18566 | Lair:1   | Entered Level 1 of the Lair of Beasts
 18581 | Lair:1   | Noticed Fannar
 18601 | Lair:1   | Killed Fannar
 18740 | Lair:1   | Noticed Sonja
 18756 | Lair:1   | Killed Sonja
 19121 | Lair:1   | Received a gift from Okawaru
 19137 | Lair:1   | Gained mutation: Your large and strong wings let you fly.
                  | [Gargoyle growth]
 19137 | Lair:1   | Reached XP level 14. HP: 73/87 MP: 12/26
 19299 | Lair:1   | Identified the staff of earth "Veifoefuave" {Str+2}
 19763 | Lair:2   | Reached skill level 10 in Fighting
 19771 | Lair:2   | Reached skill level 5 in Invocations
 19773 | Lair:2   | Found a hole to the Spider Nest.
 20028 | Lair:2   | Noticed Gastronok
 20045 | Lair:2   | Killed Gastronok
 20073 | Lair:2   | Noticed Amaemon
 20081 | Lair:2   | Killed Amaemon
 20559 | Lair:2   | Noticed Harold
 20567 | Lair:2   | Killed Harold
 20568 | Lair:2   | Reached skill level 10 in Shields
 20699 | Lair:2   | Found a staircase to the Swamp.
 20706 | Lair:2   | Reached skill level 10 in Armour
 21151 | Lair:3   | Found a runed translucent door.
 22553 | Lair:3   | Learned a level 2 spell: Poisonous Vapours
 22571 | Lair:4   | HP: 1/88 [six-headed hydra (9)]
 22571 | Lair:4   | Slain by a six-headed hydra

Illustrated notes

Levels and vault maps discovered:
D:1:      dpeg_arrival_more_subterranean_lakeside_camping, layout_rooms
D:2:      layout_basic, minmay_stone_trees_small, uniq_robin
D:3:      layout_basic, mainiacjoe_overflow_alcove_2, kennysheep_slug_shrine
D:4:      layout_loops_ring, minmay_temple_entry_stoned_glass,
          pf_guarded_unrand_meek, uniq_crazy_yiuf_cottage
D:5:      layout_loops_ring, gup_sewer_entry_bowl, uniq_sigmund
D:6:      layout_rooms, overflow_temple_1_default, marbit_many_paths,
          enter_ossuary_1, serial_shops, nicolae_shop_hallway_plus, uniq_maggie
D:7:      layout_gridville, grunt_gozag_breadcrumbs, serial_shops, shop
D:8:      layout_cave_pools, kennysheep_mini_moat,
          nicolae_hepliaklqana_hippocampus, nicolae_kikubaaqudgha_miasma_corner,
          serial_gnoll_camp, gnoll_camp_huts_basic, gnoll_camp_mini_house,
          gnoll_camp_mini_shop, gnoll_camp_mini_hut, gnoll_camp_medium_02,
          gnoll_camp_mini_hut, kennysheep_generic_room_11
D:9:      layout_roguey, vehumet_altar_wand_db, skrybe_limestone_x, uniq_pikel,
          uniq_erolcha
D:10:     layout_small_grid, minmay_lair_entry_grove, serial_bayou_pond_c,
          uniq_lodul
D:11:     layout_basic, gauntlet_entry_generic, uniq_maurice
D:12:     layout_irregular_city, erik_orc_1
D:13:     layout_roguey, corexii_corridor_pit
D:14:     layout_basic, david_vaults_1, serial_bayou_pond_b,
          hellmonk_bongcloud_opening, uniq_snorg
Temple:   nicolae_temple_figure_eight
Lair:1:   beast_lair_carwin_large_1, layout_hall_layers,
          infiniplex_staircase_pool, serial_bayou_shore_a, lemuel_fruit_fields,
          lemuel_fruit_fields, uniq_fannar, uniq_sonja
Lair:2:   layout_cave_pods, minmay_swamp_entry_eels, spider_nest_entry_a,
          serial_bayou_ford_a, st_stairs_11, gammafunk_lair_bear_cave,
          uniq_amaemon, uniq_gastronok, uniq_harold
Lair:3:   layout_regular_city, pf_torpor_hydra
Lair:4:   layout_hall_layers, dpeg_slime_entry_corner, serial_bayou_shore_b,
          grunt_megastairs_5

Skill      XL: |  1  2  3  4  5  6  7  8  9 10 11 12 13 14 |
---------------+-------------------------------------------+-----
Spellcasting   | 1 2 3 4 5 6 7 8 |  8.4
Armour         | 4 5 6 7 8 9 10 | 10.2
Fighting       | 4 5 6 7 8 9 10 | 10.8
Maces & Flails | 3 4 5 6 7 8 9 |  9.2
Shields        | 4 5 6 7 8 9 10 | 10.2
Poison Magic   | 1 3 5 6 7 8 9 |  9.2
Fire Magic     | 2 4 6 7 8 9 |  9.1
Invocations    | 3 4 5 |  5.7
Dodging        | 2 3 4 |  4.3
Axes           | 2 4 |  4.2

Action                     |  1- 3 |  4- 6 |  7- 9 | 10-12 | 13-15 || total
---------------------------+-------+-------+-------+-------+-------++-------
  Melee: Flail             |    83 |   155 |       |       |       ||   238
         Mace              |       |    37 |   118 |       |       ||   155
         Quarterstaff      |       |       |   377 |   675 |    66 ||  1118
         Dire flail        |       |       |       |    35 |    53 ||    88
         Broad axe         |       |       |       |       |   137 ||   137
   Fire: Hand crossbow     |       |       |       |    30 |     9 ||    39
   Cast: Olgreb's Toxic Ra |       |       |       |    50 |    80 ||   130
         Ignite Poison     |       |       |       |    13 |    23 ||    36
  Evoke: Wand              |       |       |       |     2 |       ||     2
    Use: Scroll            |       |    10 |     4 |    12 |     7 ||    33
         Potion            |       |     6 |     3 |     5 |     2 ||    16
 Armour: Scale mail        |    59 |   119 |       |       |       ||   178
         Plate armour      |       |    41 |   623 |   738 |   479 ||  1881
         Skin              |       |       |     2 |       |       ||     2
         Steam dragon scal |       |       |       |    78 |       ||    78
  Dodge: Dodged            |    24 |    79 |   196 |   310 |   161 ||   770
  Block: Buckler           |    12 |    55 |    27 |       |   106 ||   200
         Other             |       |       |       |    28 |    80 ||   108
         Reflection        |       |       |       |     4 |     6 ||    10

Table legend: (Time is in decaauts)
 A = Elapsed time spent in this place.
 B = Non-inter-level travel time spent in this place.
 C = Inter-level travel time spent in this place.
 D = Time resting spent in this place.
 E = Time spent auto-exploring this place.
 F = Levels seen in this place.
 G = Mean time per level.
                   A        B        C        D        E       F      G
               +--------+--------+--------+--------+--------+-----+--------+
         Total |  23060 |  21543 |   1517 |   5650 |  10597 |  22 | 1048.2 |
       Dungeon |  17929 |  16648 |   1281 |   4500 |   7952 |  14 | 1280.6 |
        Temple |    118 |     92 |     26 |      0 |     86 |   1 |  118.0 |
          Lair |   4156 |   3947 |    209 |    922 |   2318 |   4 | 1039.0 |
         Sewer |    174 |    174 |      0 |     28 |     90 |   1 |  174.0 |
       Ossuary |    380 |    380 |      0 |     35 |    151 |   1 |  380.0 |
      Gauntlet |    300 |    300 |      0 |    165 |      0 |   1 |  300.0 |
               +--------+--------+--------+--------+--------+-----+--------+

Top non-repeatable levels by time:
    D:12: 2199 daAuts
     D:8: 1706 daAuts
  Lair:2: 1653 daAuts
    D:14: 1566 daAuts
    D:11: 1483 daAuts
    D:13: 1480 daAuts
     D:4: 1433 daAuts
     D:7: 1420 daAuts
    D:10: 1250 daAuts
  Lair:1: 1213 daAuts
  Lair:3: 1200 daAuts
     D:9: 1156 daAuts
     D:5: 1076 daAuts
     D:3: 987 daAuts
     D:2: 984 daAuts
